 Dungeon Crawl Stone Soup version 0.30-a0-900-g23479c02f2 (webtiles) character file.

Game seed: 17490400090816747915

38 NotreDorf the Caller (level 3, -5/14 HPs)
             Began as a Felid Summoner on Mar 18, 2023.
             Killed from afar by Natasha (10 damage)
             ... with a magic dart
             ... on level 2 of the Dungeon.
             The game lasted 00:14:05 (1904 turns).

NotreDorf the Caller (Felid Summoner)               Turns: 1904, Time: 00:14:06

Health: -5/14      AC:  1    Str:  4    XL:     3   Next: 25%
Magic:  1/8        EV: 18    Int: 18    God:
Gold:   55         SH:  0    Dex: 16    Spells: 4/7 levels left
                                        Lives:  0   Deaths: 1

rFire   . . .      SeeInvis +    (weapon unavailable)
rCold   . . .      Faith    .    (shield unavailable)
rNeg    . . .      Spirit   .    (body armour unavailable)
rPois   .          Reflect  .    (helmet unavailable)
rElec   .          Rampage  .    (cloak unavailable)
rCorr   .                        (gloves unavailable)
Will    .....                    (boots unavailable)
Stlth   +++                      (no amulet)
HPRegen 0.22/turn                (no ring)
MPRegen 0.11/turn                (no ring)

@: quick
A: very small, claws 1, fangs 3, see invisible, speed 1, shaggy fur 1, stealthy
paws, no weapons or thrown items, no armour, multi-lived
a: no special abilities


You were on level 2 of the Dungeon.
You visited 1 branch of the dungeon, and saw 2 of its levels.

You collected 91 gold pieces.
You spent 36 gold pieces at shops.

Inventory:

Scrolls
 c - 5 scrolls of teleportation {unknown}
Potions
 a - a potion of magic
 b - a potion of attraction {unknown}
 d - a potion of ambrosia {unknown}
 e - 2 potions of curing


   Skills:
 + Level 3.7 Dodging
 + Level 3.9 Stealth
 + Level 2.7 Spellcasting
 + Level 4.5 Summonings


You had 4 spell levels left.
You knew the following spells:

 Your Spells              Type           Power      Damage    Failure   Level
a - Summon Small Mammal   Summ           72%        N/A       2%          1
b - Call Imp              Summ           18%        N/A       4%          2

Your spell library contained the following spells:

 Spells                   Type           Power      Damage    Failure   Level
 Call Canine Familiar     Summ           18%        N/A       8%          3
 Sting                    Tmut/Pois      8%         1d3       17%         1
 Summon Guardian Golem    Hex/Summ       10%        N/A       21%         3
 Poisonous Vapours        Pois/Air       4%         N/A       26%         2
 Summon Lightning Spire   Summ/Air       10%        N/A       54%         4
 Olgreb's Toxic Radiance  Pois           2%         N/A       86%         4


Dungeon Overview and Level Annotations

Branches:
Dungeon (2/15)

Altars:

Shops:
D:2 !

Annotations:
D:2 Natasha


Innate Abilities, Weirdness & Mutations

You have sharp claws.
You have razor-sharp teeth.
You have supernaturally acute eyesight. (SInv)
You cover ground quickly. (Speed+)
You are covered in fur. (AC +1)
Your paws help you pounce on unaware monsters.
You are incapable of wielding weapons or throwing items.
You cannot wear armour.
You gain extra lives every three experience levels.


Message History

Casting: Summon Small Mammal (safe; 2% risk of failure)
Confirm with . or Enter, or press ? or * to list all spells.
A beastly little devil appears in a puff of flame.
Your bat closely misses Natasha.
Your bat hits Natasha but does no damage.
Your bat hits Natasha but does no damage.
Your bat misses Natasha.
Natasha mumbles some strange words.
Your crimson imp hits Natasha.
Your bat hits Natasha but does no damage.
Your bat closely misses Natasha.
Your bat barely misses Natasha.
Your crimson imp misses Natasha.
What are your orders? t - Meow!
Orders for allies: a - Attack new target. p - Attack previous target. r - Retreat! s - Stop attacking. g - Guard the area. f - Follow me.
Anything else - Cancel.
Okay, then.
Your bat misses Natasha.
Your bat closely misses Natasha.
Natasha claws you!
Ouch! That really hurt!
What are your orders? t - Meow!
Orders for allies: a - Attack new target. p - Attack previous target. r - Retreat! s - Stop attacking. g - Guard the area. f - Follow me.
Anything else - Cancel.
Gang up on whom?
Press: ? - help, Dir - move target, f/p - Natasha
Aim: Natasha (lightly wounded, ally target) Attack!
Your bat closely misses Natasha.
Your bat hits Natasha.
Your bat hits Natasha but does no damage.
Your bat hits Natasha. The shadow imp hits your bat.
Your bat dies!
Your bat's corpse disappears in a puff of smoke!
Your crimson imp blinks!
Natasha casts a spell at you. The magic dart hits you!
Ouch! That really hurt!
You die...

.# ##....####......5.#..........#
.# ####..##########.#..........#
.# ##..# #.#..........# .# ##.##
#.#.....)....# ## #..##
#h#..........# .# ##..##
#.#..........#
############..######.#..........#
.........##....b.5.÷.#........(.#
.........#......@h§5.#..........#
.........##.##)####..############
.......<.##.##.<# #..#.....#
......[..##.##..# #........###
............##..####.........#
.........#..##..#.##.#.###.#.#
.........#..###....#.#.......#
................#..#.#####...#
###.######.######...># #...#


You could see Natasha (ally target), a shadow imp (summoned), a friendly crimson
imp (summoned) and a friendly bat (summoned).

Vanquished Creatures
  An endoplasm (D:2)
  3 hobgoblins (D:1)
  A bat (D:1)
  A frilled lizard (D:1)
  3 goblins
  A kobold (D:1)
10 creatures vanquished.

Vanquished Creatures (collateral kills)
  Natasha (twice) (D:2)
  A dart slug (D:1)
  4 ball pythons
  A bat (D:2)
  3 endoplasms
  3 giant cockroaches
  3 goblins
  A hobgoblin (D:1)
  A quokka (D:1)
  A kobold (D:1)
  A rat (D:2)
21 creatures vanquished.

Vanquished Creatures (others)
  A plant (D:1)
1 creature vanquished.

Grand Total: 32 creatures vanquished

Notes
Turn   | Place    | Note
-------+----------+-------------------------------------------
     0 | D:1      | NotreDorf the Felid Summoner began the quest for the Orb.
     0 | D:1      | Reached XP level 1. HP: 7/7 MP: 4/4
   192 | D:1      | Reached XP level 2. HP: 11/11 MP: 1/6
   571 | D:1      | Learned a level 2 spell: Call Imp
  1182 | D:2      | Found Cimumaf's Distillery.
  1190 | D:2      | Bought a potion of curing for 36 gold pieces
  1238 | D:2      | Reached XP level 3. HP: 14/14 MP: 2/7
  1383 | D:2      | Noticed Natasha
  1389 | D:2      | Killed Natasha
  1542 | D:2      | Noticed Natasha
  1546 | D:2      | Killed Natasha
  1547 | D:2      | Reached XP level 4. HP: 18/18 MP: 3/9
  1803 | D:2      | Noticed Natasha
  1822 | D:2      | Killed from afar by a shadow imp
  1823 | D:2      | Reached XP level 3. HP: -1/14 MP: 3/8
  1904 | D:2      | Killed from afar by Natasha

Illustrated notes

Levels and vault maps discovered:
D:1:      sevenhm_arrival_forest_fort_small_4, layout_basic, chequers_big_river
D:2:      layout_basic, serial_shops, shop, uniq_natasha

Skill      XL: |  1 |
---------------+----+-----
Stealth        | 3 |  3.9
Dodging        | 3 |  3.7
Spellcasting   | |  2.7
Summonings     | |  4.5

Action                     |  1- 3 |  4- 6 || total
---------------------------+-------+-------++-------
  Melee: Unarmed           |    20 |     3 ||    23
         Bite              |     2 |       ||     2
   Cast: Summon Small Mamm |    48 |     8 ||    56
         Call Imp          |     8 |     2 ||    10
   Stab: Distracted        |     1 |     1 ||     2
 Armour: Skin              |     1 |       ||     1
  Dodge: Dodged            |    17 |     2 ||    19

Table legend: (Time is in decaauts)
 A = Elapsed time spent in this place.
 B = Non-inter-level travel time spent in this place.
 C = Inter-level travel time spent in this place.
 D = Time resting spent in this place.
 E = Time spent auto-exploring this place.
 F = Levels seen in this place.
 G = Mean time per level.
                   A        B        C        D        E       F      G
               +--------+--------+--------+--------+--------+-----+--------+
         Total |   1677 |   1638 |     39 |     25 |   1218 |   2 |  838.5 |
       Dungeon |   1677 |   1638 |     39 |     25 |   1218 |   2 |  838.5 |
               +--------+--------+--------+--------+--------+-----+--------+

Top non-repeatable levels by time:
     D:1: 959 daAuts
     D:2: 717 daAuts
